 Dungeon Crawl Stone Soup version 0.23.1-37-gaa34b87 (webtiles) character file.

Game seed: 3082821993424412416

168444 Fang the Warrior (level 17, -1/175 HPs)
             Began as a Gargoyle Berserker on Mar 22, 2019.
             Was the Champion of Trog.
             Killed from afar by a shock serpent (4 damage)
             ... with a bolt of electricity
             ... on level 3 of the Snake Pit.
             The game lasted 00:41:23 (31342 turns).

Fang the Warrior (Gargoyle Berserker)              Turns: 31342, Time: 00:41:23

Health: -1/175     AC: 39    Str: 35      XL:     17   Next: 94%
Magic:  17/17      EV: 16    Int: 13 (14) God:    Trog [******]
Gold:   2281       SH:  0    Dex: 18      Spells: 16/16 levels left

rFire    + . .     SeeInvis +   B - +4 hand axe of Valour {drain, rElec MR+ Dex+3}
rCold    + + +     Gourm    .   (no shield)
rNeg     + . .     Faith    .   G - +8 chain mail "Pulauqeupe" {rC++ MR- Str+2}
rPois    ∞         Spirit   .   w - +2 hat
rElec    +         Reflect  .   I - +1 cloak
rCorr    .         Harm     .   (no gloves)
MR       +....                  s - +2 pair of boots
Stlth    ..........             q - amulet of the acrobat
HPRegen  0.39/turn              L - +6 ring of intelligence
MPRegen  0.15/turn              M - ring of Enutyeta {rC+ Dex+6 SInv}

@: berserking, flying, starving, slowed, constricted
A: big wings, fangs 1, hooves 2, deformed body, deterioration 2, fire resistance
1, negative energy resistance 1, electricity resistance, unbreathing,
petrification resistance, rot immunity, AC +12
a: Stop Flying, Berserk, Trog's Hand, Brothers in Arms, Renounce Religion


You were on level 3 of the Snake Pit.
You worshipped Trog.
Trog was exalted by your worship.
You were starving.

You visited 8 branches of the dungeon, and saw 31 of its levels.
You visited the Abyss 1 time.
You also visited: Ossuary.

You collected 2521 gold pieces.
You spent 240 gold pieces at shops.

Inventory:

Hand Weapons
 m - a +4 war axe
 v - the +6 executioner's axe of Slow Death {chop, Str-5 Dex+4}
   (Trog gifted it to you on level 2 of the Orcish Mines)

   It inflicts extra damage upon your enemies.
   It affects your strength (-5).
   It affects your dexterity (+4).
 B - the +4 hand axe of Valour (weapon) {drain, rElec MR+ Dex+3}
   (You bought it in a shop on level 4 of the Dungeon)

   A truly terrible weapon, it drains the life of those it strikes.
   It affects your dexterity (+3).
   It insulates you from electricity.
   It affects your resistance to hostile enchantments.
 E - a +4 antimagic battleaxe
 Q - a +3 executioner's axe of chopping
Armour
 s - a +2 pair of boots (worn)
 w - a +2 hat (worn)
 G - the +8 chain mail "Pulauqeupe" (worn) {rC++ MR- Str+2}
   (You found it on level 5 of the Lair of Beasts)

   It affects your strength (+2).
   It greatly protects you from cold.
   It affects your resistance to hostile enchantments.
 I - a +1 cloak (worn)
 P - a +1 crystal plate armour
Jewellery
 f - a +3 amulet of reflection
 q - an amulet of the acrobat (around neck)
 x - a +2 ring of strength
 L - a +6 ring of intelligence (left hand)
 M - the ring of Enutyeta (right hand) {rC+ Dex+6 SInv}
   (You found it on level 6 of the Lair of Beasts)

   [ring of see invisible]

   It affects your dexterity (+6).
   It protects you from cold.
   It lets you see invisible.
Wands
 a - a wand of flame (55)
 j - a wand of paralysis (31)
 l - a wand of acid (35)
 r - a wand of scattershot (6)
 u - a wand of disintegration (9)
 z - a wand of random effects (35)
 D - a wand of iceblast (7)
 K - a wand of enslavement (5)
 N - a wand of polymorph (10)
Scrolls
 e - 14 scrolls of remove curse
 g - 4 scrolls of magic mapping
 k - 10 scrolls of teleportation
 n - 4 scrolls of fog
 y - 5 scrolls of fear
 C - 6 scrolls of identify
 H - 2 scrolls of blinking
Potions
 b - 4 potions of haste
 d - a potion of berserk rage
 h - 7 potions of curing
 i - 2 potions of cancellation
 o - 2 potions of ambrosia
 p - 2 potions of mutation
 t - 4 potions of heal wounds
 A - 4 potions of brilliance
 F - a potion of agility
 J - 3 potions of resistance
 O - a potion of invisibility
Comestibles
 c - 41 rations
 R - 4 chunks of flesh


   Skills:
 + Level 17.0 Fighting
 + Level 14.6 Axes
 + Level 16.8 Armour
 + Level 13.5 Dodging


You had 16 spell levels left.
You didn't know any spells.
Your spell library was empty.

Dungeon Overview and Level Annotations

Branches:
Dungeon (15/15)            Temple (1/1) D:6            Lair (6/6) D:11
  Swamp (1/4) Lair:2        Snake (3/4) Lair:4        Slime (0/5) Lair:6
    Orc (2/2) D:10            Elf (2/3) Orc:2        Vaults (0/5) D:14
 Depths (0/5) D:15           Hell (1/1)
    Dis: Hell:1         Geh: Hell:1         Coc: Hell:1         Tar: Hell:1

Altars:
Ashenzari
Elyvilon
Fedhas
Hepliaklqana
Makhleb
Qazlal
Trog
Wu Jian
Xom
Yredelemnul
Beogh

Shops:
D:4 (   D:9 ?   Orc:2 =:([%   Snake:1 ==}}   Snake:2 %   Snake:3 *

Portals:
Hell: Lair:6

Annotations:
D:12 3 runed translucent doors, SneekySnake's ghost, journeyman MiBe
D:13 2 transporters, bande's ghost, journeyman GrFi
Hell Geryon, Murray


Innate Abilities, Weirdness & Mutations

You are resistant to torment.
Your stone body is resilient. (AC +12)
You are immune to poison.
Your large and strong wings let you fly indefinitely.
You resist negative energy. (rN+)
You are resistant to electric shocks. (rElec)
You can survive without breathing.
You are immune to petrification.
You are immune to rotting.
You have very sharp teeth.
You have hoof-like feet.
Armour fits poorly on your strangely shaped body.
Your body often deteriorates upon taking damage.
Your flesh is heat resistant. (rF+)


Message History

The mana viper closely misses you.
You slice the guardian serpent!! You drain the guardian serpent.
The guardian serpent is severely wounded.
You barely miss the salamander. You slash the anaconda!
You closely miss the mana viper. You slash the naga warrior!
You hit the anaconda. You barely miss the shock serpent.
You hear a shout!
The anaconda bites you but does no damage.
The naga warrior hits you but does no damage.
The salamander closely misses you.
The guardian serpent hits you but does no damage.
The naga closely misses you.
The shock serpent shoots out a bolt of lightning at you!
The bolt of electricity hits you. You resist.
* * * LOW HITPOINT WARNING * * *
The bolt of electricity hits your troll!
Your troll dies!
Your troll's corpse disappears in a puff of smoke!
The bolt of electricity hits you. You resist.
You die...

..#
#......##......(....##
##
#..........8))<..8....
##.....##...))......##
...#..#.##..#####..##
######.#####.# ..# ##
#.##..#+#...#
##.##.....(...
.##....§SN....#
......SS@SN...#
...##..NSS#....#
#......S..# ...#
#.##....(# #.. #.
#.....# # #......
#......# ..####..


You could see a naga warrior, a salamander, 2 anacondas, a shock serpent, 2 mana
vipers, a guardian serpent, a black mamba and a naga.

Vanquished Creatures
  Asterion (Snake:2)
  Gastronok (Lair:2)
  Agnes (Snake:2)
  Donald (Snake:2)
  An orc warlord (Orc:2)
  A stone giant (Orc:1)
  Nessos (D:13)
  A deep elf annihilator (Elf:1)
  Azrael (D:14)
  An ettin (Orc:2)
  2 deep elf death magi (Elf:1)
  Josephine (D:10)
  Fannar (D:11)
  Harold (D:8)
  9 hydras
  2 centaur warriors
  4 naga warriors
  6 two-headed ogres
  2 anacondas
  Erica (D:8)
  A tengu warrior (D:14)
  A queen ant (Lair:2)
  5 dancing weapons (Elf:1)
  11 naga sharpshooters
  3 shock serpents
  5 deep elf knights (Elf:1)
  A sixfirhy (Lair:6)
  A spriggan (Swamp:1)
  5 unseen horrors
  6 wizards
  A flayed ghost (Abyss:3)
  A naga ritualist (Snake:3)
  2 swamp dragons (Swamp:1)
  A wolf spider zombie (D:15)
  6 deep elf archers (Elf:1)
  A necromancer (D:15)
  2 large abominations (Abyss:3)
  4 mana vipers
  2 orc knights
  14 ugly things
  A salamander (shapeshifter) (D:15)
  10 salamanders
  6 orc sorcerers
  A worldbinder (Abyss:3)
  2 cyclopes
  25 deep elf magi
  4 centaur zombies
  Maurice (D:12)
  17 elephants
  A spiny frog (shapeshifter) (D:15)
  2 orange demons (Lair:6)
  10 naga magi
  2 guardian serpents
  A torpor snail (Lair:5)
  16 black mambas
  12 spiny frogs
  3 gargoyles
  7 rime drakes
  3 kobold demonologists
  7 komodo dragons
  2 ice devils (Lair:6)
  9 trolls
  An ancient zyme (Abyss:3)
  A red devil (Lair:6)
  A queen bee (Lair:3)
  A troll (shapeshifter) (D:14)
  3 meliai (D:13)
  2 polar bears (Lair:6)
  Grinder (D:6)
  2 hornets
  13 blink frogs
  A harpy skeleton (D:15)
  18 slime creatures
  16 hippogriffs
  3 shadows
  2 vampires (D:12)
  5 wyverns
  44 yaks
  5 wraiths (D:10)
  2 basilisks
  A water elemental (Elf:1)
  4 fire elementals
  A hog (shapeshifter) (D:11)
  4 vampire mosquitoes
  3 hungry ghosts
  A swamp worm (Lair:2)
  2 wargs
  18 soldier ants
  11 water moccasins
  6 hell hounds
  An acid dragon (D:14)
  23 nagas
  Duvessa (D:4)
  13 porcupines
  2 ice beasts
  33 orc warriors
  5 black bears
  3 phantoms
  10 wolves
  3 sky beasts
  A necrophage (D:14)
  5 centaurs
  13 ogres
  2 small abominations (Abyss:3)
  15 crocodiles
  6 big kobolds
  16 bullfrogs
  2 elf zombies (Ossuary)
  A gnoll sergeant (D:5)
  Dowan (D:4)
  4 scorpions
  3 wyvern skeletons
  16 killer bees
  A howler monkey (D:4)
  7 wights
  2 electric eels (Lair:5)
  2 bullfrog zombies
  8 crimson imps
  6 starcursed masses (Abyss:3)
  9 jellies
  3 bullfrog skeletons
  24 orc priests
  Crazy Yiuf (D:2)
  4 centaur skeletons
  7 hounds
  A human zombie (Ossuary)
  26 orc wizards
  Ijyb (D:4)
  6 iguanas
  Terence (D:2)
  34 worker ants
  A hound zombie (D:6)
  2 hound skeletons (D:5)
  2 mummies (Ossuary)
  A worker ant zombie (D:11)
  16 gnolls
  11 adders
  5 shadow imps
  13 white imps
  2 ufetubi (Abyss:3)
  An adder skeleton (D:9)
  3 adder zombies
  3 worms
  3 dart slugs
  6 leopard geckos
  87 orcs
  4 bats
  3 giant cockroaches
  5 goblins
  6 hobgoblins
  2 jackals (D:5)
  7 quokkas
  3 frilled lizards
  4 hobgoblin zombies (Ossuary)
  A jackal skeleton (D:6)
  3 jackal zombies (Ossuary)
  23 kobolds
  12 kobold zombies (Ossuary)
  8 orc zombies (Ossuary)
  7 rats
  5 rat zombies (Ossuary)
  2 fungi (Lair:5)
  A lurking horror (Abyss:3)
  A plant (Lair:4)
1001 creatures vanquished.

Vanquished Creatures (collateral kills)
  A bone dragon (Abyss:3)
  4 hydras
  A shambling mangrove (Lair:2)
  3 orc high priests (Orc:2)
  A wretched star (Abyss:3)
  A naga ritualist (Snake:3)
  3 orc knights (Orc:2)
  An orc sorcerer (Orc:2)
  An iron dragon zombie (Abyss:3)
  2 black mambas
  An orange demon (Lair:6)
  A hellwing (Lair:6)
  A large abomination (Abyss:3)
  A tyrant leech (Lair:2)
  A hippogriff (Lair:2)
  An orc warrior (Orc:2)
  A crimson imp (D:13)
  An orc priest (Orc:2)
26 creatures vanquished.

Vanquished Creatures (others)
  A yak (D:11)
  10 golden eyes (Abyss:3)
  A fire elemental (Elf:1)
  2 large abominations (Abyss:3)
  A hell hound (Abyss:3)
  3 small abominations (Abyss:3)
  An orc wizard (Orc:2)
  4 fungi
  A lurking horror (Abyss:3)
  2 plants
26 creatures vanquished.

Grand Total: 1053 creatures vanquished

Notes
Turn   | Place    | Note
-------+----------+-------------------------------------------
     0 | D:1      | Fang the Gargoyle Berserker began the quest for the Orb.
     0 | D:1      | Reached XP level 1. HP: 14/14 MP: 1/1
     2 | D:1      | Noticed a demonspawn
     4 | D:1      | Noticed an ogre
     4 | D:1      | Noticed a gargoyle
     6 | D:1      | Noticed a formicid
     8 | D:1      | Noticed a naga
     8 | D:1      | Noticed an octopode
    10 | D:1      | Noticed a felid
    10 | D:1      | Noticed a spriggan
    12 | D:1      | Noticed a ghoul
    12 | D:1      | Noticed a vampire
    14 | D:1      | Noticed a minotaur
    14 | D:1      | Noticed a halfling
    16 | D:1      | Noticed a centaur
    16 | D:1      | Noticed a human
    18 | D:1      | Noticed a demigod
    18 | D:1      | Noticed a tengu
    20 | D:1      | Noticed a dwarf
    20 | D:1      | Noticed a draconian
    22 | D:1      | Noticed a troll
    24 | D:1      | Noticed an elf
    26 | D:1      | Noticed a vine stalker
    26 | D:1      | Noticed a merfolk
   115 | D:1      | Reached XP level 2. HP: 18/19 MP: 2/2
   396 | D:1      | Reached XP level 3. HP: 23/23 MP: 3/3
   770 | D:2      | Found a blossoming altar of Fedhas.
   808 | D:2      | Reached ** piety under Trog
  1011 | D:2      | Noticed Terence
  1022 | D:2      | Killed Terence
  1022 | D:2      | Reached XP level 4. HP: 4/29 MP: 4/4
  1568 | D:2      | Found a runed translucent door.
  1569 | D:2      | Noticed Crazy Yiuf
  1576 | D:2      | Killed Crazy Yiuf
  1576 | D:2      | Reached skill level 4 in Fighting
  1770 | D:3      | Reached XP level 5. HP: 30/33 MP: 5/5
  1859 | D:3      | You fall through a shaft for 3 floors!
  1874 | D:6      | Found a sand-covered staircase.
  1880 | Ossuary  | Entered an ossuary
  1979 | Ossuary  | Reached *** piety under Trog
  2008 | Ossuary  | Reached XP level 6. HP: 12/39 MP: 6/6
  2369 | D:6      | Noticed a water moccasin
  2376 | D:6      | Reached skill level 5 in Fighting
  2376 | D:6      | Reached XP level 7. HP: 44/44 MP: 7/7
  2684 | D:6      | Reached skill level 5 in Armour
  2686 | D:6      | Reached XP level 8. HP: 27/51 MP: 8/8
  2692 | D:6      | Reached skill level 6 in Fighting
  2692 | D:6      | Reached skill level 5 in Axes
  2803 | D:6      | Found a staircase to the Ecumenical Temple.
  2867 | D:6      | Noticed Grinder
  2871 | D:6      | Paralysed by Grinder for 2 turns
  2883 | D:6      | Killed Grinder
  3165 | D:5      | Entered Level 5 of the Dungeon
  3466 | D:5      | Reached XP level 9. HP: 48/56 MP: 9/9
  3505 | D:5      | Reached skill level 7 in Fighting
  3516 | D:5      | Reached **** piety under Trog
  3532 | D:5      | Reached skill level 5 in Dodging
  3732 | D:5      | Found a shattered altar of Ashenzari.
  3913 | D:5      | Found a basalt altar of Yredelemnul.
  3913 | D:5      | Found an ornate altar of the Wu Jian Council.
  3914 | D:5      | Found a white marble altar of Elyvilon.
  4080 | D:4      | Noticed Duvessa
  4080 | D:4      | Noticed Dowan
  4080 | D:4      | Noticed Ijyb
  4088 | D:4      | Killed Duvessa
  4091 | D:4      | Killed Ijyb
  4096 | D:4      | Killed Dowan
  4349 | D:4      | Found Toeklaic's Antique Weapon Shoppe.
  4366 | D:4      | Bought a brightly glowing hand axe for 240 gold pieces
  4366 | D:4      | Identified the +4 hand axe of Valour {drain, rElec MR+
                  | Dex+3} (You bought it in a shop on level 4 of the Dungeon)
  4384 | D:4      | Reached ***** piety under Trog
  4622 | Temple   | Entered the Ecumenical Temple
  4864 | D:7      | Reached skill level 8 in Fighting
  5006 | D:7      | Found a hazy altar of Hepliaklqana.
  5223 | D:7      | Reached XP level 10. HP: 61/64 MP: 10/10
  6305 | D:8      | Noticed Erica
  6317 | D:8      | Killed Erica
  6317 | D:8      | Reached skill level 9 in Fighting
  6446 | D:8      | Noticed Harold
  6460 | D:8      | Killed Harold
  7068 | D:9      | Found a burning altar of Makhleb.
  7153 | D:9      | Received a gift from Trog
  7222 | D:9      | Found Pemeselo's Magic Scroll Shop.
  7299 | D:9      | Noticed a two-headed ogre
  7312 | D:9      | HP: 4/99 [two-headed ogre/+0 giant club (10)]
  7315 | D:9      | Killed a two-headed ogre
  7315 | D:9      | Reached XP level 11. HP: 3/72 MP: 11/11
  7703 | D:10     | Entered Level 10 of the Dungeon
  7708 | D:10     | Noticed Josephine
  7733 | D:10     | Killed Josephine
  7733 | D:10     | Reached skill level 10 in Fighting
  8066 | D:10     | Found a staircase to the Orcish Mines.
  8283 | D:10     | Found a bloodstained altar of Trog.
  8454 | D:10     | Received a gift from Trog
  8635 | D:11     | Noticed an eight-headed hydra
  8638 | D:11     | Reached skill level 10 in Armour
  8654 | D:11     | Killed a 19-headed hydra
  8892 | D:11     | Noticed Fannar
  8935 | D:11     | Noticed a green ugly thing
  9059 | D:11     | Reached XP level 12. HP: 56/79 MP: 12/12
  9063 | D:11     | Reached skill level 11 in Fighting
  9285 | D:11     | Killed Fannar
  9461 | D:11     | Found a stormy altar of Qazlal.
  9472 | D:11     | Found a staircase to the Lair.
 10111 | Lair:1   | Entered Level 1 of the Lair of Beasts
 10132 | Lair:1   | Noticed an eight-headed hydra
 10161 | Lair:1   | Killed a 17-headed hydra
 11463 | Lair:2   | Noticed Gastronok
 11476 | Lair:2   | Reached skill level 10 in Axes
 11485 | Lair:2   | Killed Gastronok
 11485 | Lair:2   | Reached skill level 12 in Fighting
 11485 | Lair:2   | Reached XP level 13. HP: 86/86 MP: 13/13
 11944 | Lair:2   | Found a staircase to the Swamp.
 12355 | Lair:2   | Identified a scroll of acquirement
 12385 | Lair:2   | Received a gift from Trog
 13151 | Lair:3   | Received a gift from Trog
 13252 | Lair:3   | Reached skill level 10 in Dodging
 13602 | Lair:3   | Found a dark tunnel.
 13644 | Lair:4   | Reached skill level 13 in Fighting
 14119 | Lair:4   | Gained mutation: You have very sharp teeth. [potion of
                  | mutation]
 14119 | Lair:4   | Gained mutation: Armour fits poorly on your strangely
                  | shaped body. [potion of mutation]
 14119 | Lair:4   | Gained mutation: You expend magic power (3 MP) to
                  | strengthen your wands. [potion of mutation]
 14120 | Lair:4   | Lost mutation: You expend magic power (3 MP) to strengthen
                  | your wands. [potion of mutation]
 14120 | Lair:4   | Lost mutation: Armour fits poorly on your strangely shaped
                  | body. [potion of mutation]
 14120 | Lair:4   | Gained mutation: You occasionally shout uncontrollably at
                  | your foes. [potion of mutation]
 14120 | Lair:4   | Gained mutation: You possess an exceptional clarity of
                  | mind. [potion of mutation]
 14121 | Lair:4   | Lost mutation: You occasionally shout uncontrollably at
                  | your foes. [potion of mutation]
 14121 | Lair:4   | Lost mutation: You possess an exceptional clarity of mind.
                  | [potion of mutation]
 14121 | Lair:4   | Gained mutation: Your flesh is heat resistant. (rF+)
                  | [potion of mutation]
 14121 | Lair:4   | Gained mutation: You have large cloven feet. [potion of
                  | mutation]
 14121 | Lair:4   | Gained mutation: You have hoof-like feet. [potion of
                  | mutation]
 14337 | Lair:4   | Found a staircase to the Snake Pit.
 14401 | Lair:4   | Gained mutation: Your large and strong wings let you fly
                  | indefinitely. [Gargoyle growth]
 14401 | Lair:4   | Reached XP level 14. HP: 94/94 MP: 7/14
 15212 | Lair:5   | Received a gift from Trog
 15223 | Lair:5   | Got an encrusted chain mail
 15234 | Lair:5   | Identified the +8 chain mail "Pulauqeupe" {rC++ MR- Str+2}
                  | (You found it on level 5 of the Lair of Beasts)
 15584 | Lair:6   | Entered Level 6 of the Lair of Beasts
 15891 | Lair:6   | Found a staircase to the Slime Pits.
 17351 | Lair:6   | Found a burning altar of Makhleb.
 17365 | Lair:6   | Reached skill level 14 in Fighting
 17409 | Lair:6   | Found a gateway to Hell.
 17429 | Lair:6   | Got a warped lead ring
 17635 | Lair:6   | Identified the ring of Enutyeta {rC+ Dex+6 SInv} (You found
                  | it on level 6 of the Lair of Beasts)
 17825 | Hell     | Entered the Vestibule of Hell
 17825 | Hell     | Noticed Murray
 17825 | Hell     | Noticed Geryon
 17825 | Hell     | Noticed a cacodemon
 18237 | D:12     | Reached XP level 15. HP: 100/100 MP: 15/15
 18291 | D:12     | Received a gift from Trog
 18358 | D:12     | Noticed Maurice
 18367 | D:12     | Killed Maurice
 18537 | D:12     | Found a runed translucent gate.
 18537 | D:12     | Found a runed translucent gate.
 18537 | D:12     | Found a runed translucent gate.
 18539 | D:12     | Noticed SneekySnake's ghost (journeyman MiBe)
 18849 | D:13     | Noticed Nessos
 18877 | D:13     | Killed Nessos
 19350 | D:13     | Found a transporter.
 19351 | D:13     | Noticed bande's ghost (journeyman GrFi)
 19618 | D:13     | Identified the +4 dire flail of Noruvome {holy, rF++ Dex+5}
 19632 | D:13     | Found a transporter.
 19964 | D:14     | Reached ****** piety under Trog
 19997 | D:14     | Noticed Azrael
 20006 | D:15     | Entered Level 15 of the Dungeon
 20254 | D:14     | Killed Azrael
 20296 | D:14     | Paralysed by a wizard for 6 turns
 20617 | D:14     | Found a shimmering altar of Xom.
 20618 | D:14     | Found a shimmering altar of Xom.
 20723 | D:14     | Received a gift from Trog
 20738 | D:14     | Cast into level 3 of the Abyss (a wizard)
 21400 | Abyss:3  | Reached skill level 15 in Fighting
 21858 | Abyss:3  | Noticed a bone dragon
 21886 | Abyss:3  | Killed a bone dragon
 21891 | D:14     | Escaped the Abyss
 22009 | D:14     | Found a gate to the Vaults.
 22364 | D:15     | Reached skill level 15 in Armour
 22497 | D:15     | Reached XP level 16. HP: 92/108 MP: 16/16
 22598 | D:15     | Found a basalt altar of Yredelemnul.
 23067 | D:15     | Paralysed by an orc sorcerer for 2 turns
 23171 | D:15     | Found a staircase to the Depths.
 23405 | Orc:1    | Entered Level 1 of the Orcish Mines
 23475 | Orc:1    | Found a frozen archway.
 23488 | Orc:1    | Received a gift from Trog
 23818 | Orc:2    | Entered Level 2 of the Orcish Mines
 24234 | Orc:2    | Found a roughly hewn altar of Beogh.
 24291 | Orc:2    | Found a staircase to the Elven Halls.
 24656 | Orc:2    | Found Jiv Xopt's Jewellery Shoppe.
 24717 | Orc:2    | Received a gift from Trog
 24755 | Orc:2    | Got a crude executioner's axe {god gift}
 25210 | Orc:2    | Found Goecs's Book Shoppe.
 25210 | Orc:2    | Found Duetoise's Food Boutique.
 25212 | Orc:2    | Found Fusafruri's Antique Weapon Shoppe.
 25212 | Orc:2    | Found Naolor's Antique Armour Boutique.
 25220 | Orc:2    | Identified the +6 executioner's axe of Slow Death {chop,
                  | Str-5 Dex+4} (Trog gifted it to you on level 2 of the
                  | Orcish Mines)
 25297 | Elf:1    | Entered Level 1 of the Elven Halls
 25881 | Elf:1    | Reached skill level 16 in Fighting
 26701 | Elf:1    | Received a gift from Trog
 26785 | Elf:1    | Reached XP level 17. HP: 115/115 MP: 17/17
 27433 | Swamp:1  | Entered Level 1 of the Swamp
 28149 | Snake:1  | Entered Level 1 of the Snake Pit
 28167 | Snake:1  | Found Zeuskyre's Jewellery Shoppe.
 28790 | Snake:1  | Received a gift from Trog
 28885 | Snake:1  | Found a stormy altar of Qazlal.
 29183 | Snake:1  | Found Quhu's Gadget Shoppe.
 29185 | Snake:1  | Found Woqa's Jewellery Boutique.
 29186 | Snake:1  | Found Wossegusu's Gadget Shoppe.
 29321 | Snake:2  | Noticed Asterion
 29329 | Snake:2  | Gained mutation: Armour fits poorly on your strangely
                  | shaped body. [a cacodemon]
 29332 | Snake:2  | Gained mutation: Your body sometimes deteriorates upon
                  | taking damage. [a cacodemon]
 29338 | Snake:2  | Gained mutation: Your body often deteriorates upon taking
                  | damage. [a cacodemon]
 29350 | Snake:2  | Killed Asterion
 29965 | Snake:2  | Noticed Donald
 29982 | Snake:2  | Killed Donald
 30524 | Snake:2  | Noticed Agnes
 30556 | Snake:2  | Killed Agnes
 30595 | Snake:2  | Found Mus Gug's Food Shop.
 30993 | Snake:3  | Received a gift from Trog
 31095 | Snake:3  | Found Vegetoupn's Assorted Antiques.
 31315 | Snake:3  | Reached skill level 17 in Fighting
 31339 | Snake:3  | HP: 7/175 [anaconda (8)]
 31342 | Snake:3  | HP: 3/175 [shock serpent/bolt of electricity (4)]
 31342 | Snake:3  | Killed from afar by a shock serpent

Skill      XL: |  1  2  3  4  5  6  7  8  9 10 11 12 13 14 15 16 17 |
---------------+----------------------------------------------------+-----
Axes           | 3 4 5 6 8 9 10 11 12 13 14 | 14.6
Dodging        | 2 3 4 5 7 8 9 10 11 12 13 | 13.5
Armour         | 3 4 5 6 7 9 10 11 12 14 15 16 | 16.8
Fighting       | 4 5 6 8 9 10 12 13 14 15 16 17 | 17.0

Action                   |  1- 3 |  4- 6 |  7- 9 | 10-12 | 13-15 | 16-18 || total
-------------------------+-------+-------+-------+-------+-------+-------++-------
Melee: Hand axe          |    77 |       |    86 |   664 |  1303 |  1349 ||  3479
       War axe           |    13 |   129 |   241 |       |       |       ||   383
       Battleaxe         |       |       |       |       |   302 |       ||   302
       Bite              |       |       |       |       |   263 |   273 ||   536
       Executioner's axe |       |       |       |       |       |    12 ||    12
Invok: Berserk           |     1 |     2 |     4 |     7 |    10 |     7 ||    31
       Trog's Hand       |       |       |     1 |       |       |       ||     1
       Brothers in Arms  |       |       |       |     2 |     5 |     4 ||    11
 Abil: Fly               |       |       |       |       |     1 |       ||     1
Evoke: Wand              |       |       |       |       |     1 |       ||     1
  Use: Potion            |       |       |     1 |       |     5 |     4 ||    10
       Scroll            |       |       |    15 |     6 |    14 |     5 ||    40
 Stab: Distracted        |       |       |       |       |       |     2 ||     2
  Eat: Chunk             |       |     7 |    15 |    27 |    48 |    26 ||   123
       Ration            |       |       |       |     1 |     1 |     3 ||     5
Armor: Animal skin       |    28 |       |       |       |       |       ||    28
       Scale mail        |       |    91 |    81 |       |       |       ||   172
       Plate armour      |       |       |   176 |   670 |   523 |       ||  1369
       Chain mail        |       |       |       |       |   831 |   706 ||  1537
Dodge: Dodged            |    60 |    99 |   245 |   537 |  1724 |  1137 ||  3802
